 Dungeon Crawl Stone Soup version 0.28.0-53-g5a82cb258f (webtiles) character file.

Game seed: 5001708319392065669

105 bnorton916 the Magician (level 4, -2/24 HPs)
             Began as a Deep Elf Fire Elementalist on Aug 3, 2022.
             Slain by an orc
             ... wielding a +2 mace of protection
              (7 damage)
             ... on level 3 of the Dungeon.
             The game lasted 00:02:28 (3390 turns).

bnorton916 the Magician (DEFE)                      Turns: 3390, Time: 00:02:29

Health: -2/24      AC:  2    Str:  5    XL:     4   Next: 53%
Magic:  21/21      EV: 12    Int: 22    God:
Gold:   54         SH:  0    Dex: 15    Spells: 10/11 levels left

rFire   . . .      SeeInvis .   h - +1 short sword (speed)
rCold   . . .      Faith    .   (no shield)
rNeg    . . .      Spirit   .   a - +0 robe
rPois   .          Reflect  .   (no helmet)
rElec   .          Harm     .   (no cloak)
rCorr   .          Rampage  .   (no gloves)
Will    +....                   (no boots)
Stlth   ++........              (no amulet)
HPRegen 0.08/turn               b - ring of willpower
MPRegen 0.17/turn               j - ring of magical power

@: no status effects
A: no striking features
a: no special abilities


You were on level 3 of the Dungeon.
You visited 1 branch of the dungeon, and saw 3 of its levels.

You collected 54 gold pieces.

Inventory:

Hand Weapons
 h - a +1 short sword of speed (weapon)
Missiles
 e - 56 stones
 i - 5 poisoned darts
Armour
 a - a +0 robe (worn)
Jewellery
 b - a ring of willpower (left hand)
 j - a ring of magical power (right hand)
Scrolls
 c - 2 scrolls of teleportation {unknown}
 d - 2 scrolls of identify {unknown}
 f - a scroll of holy word {unknown}
 g - a scroll of torment {unknown}
 k - a scroll of immolation {unknown}


   Skills:
 - Level 2.4 Dodging
 - Level 2.4 Stealth
 + Level 4.4 Spellcasting
 + Level 2.9 Conjurations
 + Level 4.3 Fire Magic


You had 10 spell levels left.
You knew the following spells:

 Your Spells              Type           Power      Damage    Failure   Level
a - Foxfire               Conj/Fire      80%        2x1d8     2%          1

Your spell library contained the following spells:

 Spells                   Type           Power      Damage    Failure   Level
 Scorch                   Fire           46%        2d7       2%          2
 Conjure Flame            Conj/Fire      20%        6-21      8%          3
 Inner Flame              Hex/Fire       14%        N/A       13%         3
 Flame Wave               Conj/Fire      20%        2d7       24%         4


Dungeon Overview and Level Annotations

Branches:
Dungeon (3/15)

Altars:


Message History

The orc wizard points at you and mumbles some strange words.
You are confused.
You hear a shout!
An orc comes into view. It is wielding a +0 club.
You bump into the rock wall.
The foxfire hits the orc wizard.
The orc wizard is lightly wounded.
An orc priest comes into view. It is wielding a +0 dagger.
An orc comes into view.
It is wielding a +0 club and wearing a +0 ring mail of fire resistance.
The orc shouts!
Unknown command.
The foxfire hits the orc but does no damage.
You bump into the rock wall.
You bump into the rock wall.
An orc priest comes into view. It is wielding a +1 mace of holy wrath.
An orc comes into view. It is wielding a +0 club.
You feel less confused.
The orc priest shouts! x2
The orc priest calls down the wrath of Beogh upon you.
Beogh smites you!
Ouch! That really hurt!
You aren't carrying any potions.
Unknown command.
You aren't carrying any potions.
Unknown command.
The orc misses you. The orc wizard casts a spell at you.
The puff of flame hits you.
* * * LOW HITPOINT WARNING * * *
Casting: Foxfire (safe; 2% risk of failure)
Confirm with . or Enter, or press ? or * to list all spells.
You conjure some foxfire!
The foxfire hits the orc but does no damage. x2
Casting: Foxfire (safe; 2% risk of failure)
Confirm with . or Enter, or press ? or * to list all spells.
You conjure some foxfire!
The foxfire hits the orc but does no damage. x2
The orc hits you with a +2 mace of protection!
* * * LOW HITPOINT WARNING * * *
The orc hits you with a +2 mace of protection!
You die...

#.####.#.#....
#...........## .#
######.######
...######.#
.........<#
.>........#####
######.........
##########..######.
#.o@........#
#o########.## #.#
#.# #.# #.# ### #.#
#.# ####.. #.# #.#
#..... #.# #.#
#.##.. #.# #.#
#.#... #o# #.....


You could see 2 orcs.

Vanquished Creatures
  4 adders
  3 worms
  4 dart slugs (D:1)
  4 endoplasms
  2 giant cockroaches
  A hobgoblin (D:1)
  3 jackals (D:1)
  6 kobolds
  5 quokkas
  5 ball pythons
  6 bats
  4 frilled lizards
  3 goblins
  4 rats
54 creatures vanquished.

Vanquished Creatures (others)
  270 foxfires
270 creatures vanquished.

Grand Total: 324 creatures vanquished

Notes
Turn   | Place    | Note
-------+----------+-------------------------------------------
     0 | D:1      | bnorton916 the Deep Elf Fire Elementalist began the quest
                  | for the Orb.
     0 | D:1      | Reached XP level 1. HP: 10/10 MP: 6/6
   231 | D:1      | Reached XP level 2. HP: 15/15 MP: 5/8
  1182 | D:1      | Reached XP level 3. HP: 17/19 MP: 2/10
  2050 | D:2      | Reached XP level 4. HP: 24/24 MP: 9/12
  3390 | D:3      | Slain by an orc

Illustrated notes

Levels and vault maps discovered:
D:1:      lemuel_arrival_rhombus, layout_rooms
D:2:      layout_basic
D:3:      cheibrodos_pilgrimage, layout_loops_ring, serial_shops, shop,
          minmay_liquid_box

Skill      XL: |  1  2  3 |
---------------+----------+-----
Conjurations   | 2 |  2.9
Spellcasting   | 4 |  4.4
Fire Magic     | 4 |  4.3
Dodging        | |  2.4
Stealth        | |  2.4

Action                   |  1- 3 |  4- 6 || total
-------------------------+-------+-------++-------
 Cast: Foxfire           |   112 |    58 ||   170
Armor: Robe              |     3 |       ||     3
Dodge: Dodged            |     7 |     3 ||    10
